 Dungeon Crawl Stone Soup version 0.29.1-1-gd02db6906a (webtiles) character file.

Game seed: 11071462860444711843

989 mortz the Magician (level 8, -1/52 HPs)
             Began as a Djinni Air Elementalist on Oct 8, 2022.
             Killed by their own static electricity (3 damage)
             ... on level 6 of the Dungeon.
             The game lasted 00:22:37 (7202 turns).

mortz the Magician (Djinni Air Elementalist)        Turns: 7202, Time: 00:22:38

Health: -1/52      AC:  6    Str:  7    XL:     8   Next: 41%
Gold:   230        EV: 11    Int: 18    God:
                   SH:  6    Dex: 15

rFire   + + +      SeeInvis .   b - +3 dagger (vorpal)
rCold   x . .      Faith    .   d - +2 buckler
rNeg    . . .      Spirit   .   p - +3 leather armour {rF+}
rPois   ∞          Reflect  .   (no helmet)
rElec   .          Harm     .   (no cloak)
rCorr   .          Rampage  .   (no gloves)
Will    .....                   (boots unavailable)
Stlth   ++........              (no amulet)
HPRegen 0.17/turn               (no ring)
MPRegen 0.00/turn               (no ring)

@: flying
A: sickness immunity, fire resistance 2, cold vulnerability 1, float, innate
caster, HP casting, extra vitality 1
a: no special abilities


You were on level 6 of the Dungeon.
You visited 1 branch of the dungeon, and saw 6 of its levels.
You also visited: Sewer.

You collected 230 gold pieces.

Inventory:

Hand Weapons
 b - a +3 vorpal dagger (weapon)
 e - a +0 short sword
 k - a +0 hand axe
 l - a +0 dagger
 y - a +0 dagger of venom
Armour
 a - a +0 robe
 d - a +2 buckler (worn)
 p - a +3 leather armour of fire resistance (worn)
 t - a +2 kite shield
 w - a +0 crystal plate armour
Wands
 g - a wand of flame (5)
Scrolls
 c - a scroll of summoning
 q - a scroll of teleportation
 s - a scroll of magic mapping
 v - 4 scrolls of poison
Potions
 f - 2 potions of mutation
 h - 3 potions of heal wounds
 i - a potion of resistance
 j - a potion of attraction
 o - a potion of brilliance
 r - a potion of haste {unknown}
 u - 2 potions of curing
 x - a potion of magic {unknown}


   Skills:
 + Level 1.2 Fighting
 + Level 2.2 Short Blades
 + Level 3.1 Armour
 + Level 3.0 Dodging
 + Level 3.9 Stealth
 + Level 1.3 Shields
 + Level 5.3 Spellcasting


You had one spell level left.
You knew the following spells:

 Your Spells              Type           Power      Damage    Failure   Level
a - Shock                 Conj/Air       96%        1d9       2%          1
b - Static Discharge      Conj/Air       24%        3-6/arc   4%          2
c - Swiftness             Air            24%        N/A       9%          3
d - Airstrike             Air            12%        2d(2-18)  28%         4
e - Beastly Appendage     Tmut           48%        N/A       2%          1
f - Wereblood             Tmut           24%        N/A       4%          2
g - Frozen Ramparts       Ice            48%        1d8       9%          3
Your spell library was empty.

Dungeon Overview and Level Annotations

Branches:
Dungeon (6/15) Zot: 26756   Sewer (visited)
 Temple: D:4-7

Altars:
Zin

Shops:
D:3 :

Annotations:
D:3 3 runed translucent doors, CertainDeath's ghost, weakling GrEE
D:6 Dowan


Innate Abilities, Weirdness & Mutations

You are immune to sickness and miasma.
You are immune to poison.
Your flesh is very heat resistant. (rF++)
You are vulnerable to cold. (rC-)
You float through the air rather than walking.
You learn spells naturally, not from books.
Your magical power is your life essence.
You have superior vitality. (+4 MHP)


Message History

Dowan blinks!
The howler monkey hoots and howls with incredible vigour!
You hear an angry hiss.
You hear a shout! x2
The bullfrog attacks as you move away! The bullfrog hits you. x2
The bullfrog attacks as you move away! You block the bullfrog's attack.
The bullfrog hits you but does no damage.
The bullfrog hits you.
* * * LOW HITPOINT WARNING * * *
You are too injured to fight recklessly!
Casting: Static Discharge (safe; 4% risk of failure)
Confirm with . or Enter, or press ? or * to list all spells.
The bullfrog is struck by an arc of lightning.
The bullfrog is moderately wounded.
The howler monkey is struck by an arc of lightning.
The howler monkey is heavily wounded.
The bullfrog is struck by an arc of lightning!
The bullfrog is heavily wounded.
The lightning grounds out.
* * * LOW HITPOINT WARNING * * *
The bullfrog hits you.
* * * LOW HITPOINT WARNING * * *
Casting: Static Discharge (safe; 4% risk of failure)
Confirm with . or Enter, or press ? or * to list all spells.
The bullfrog is struck by an arc of lightning!
The bullfrog is almost dead.
The howler monkey is struck by an arc of lightning!
You kill the howler monkey!
You are struck by an arc of lightning.
* * * LOW HITPOINT WARNING * * *
The lightning grounds out.
* * * LOW HITPOINT WARNING * * *
The bullfrog hits you.
* * * LOW HITPOINT WARNING * * *
The bullfrog hits you but does no damage.
Casting: Static Discharge (safe; 4% risk of failure)
Confirm with . or Enter, or press ? or * to list all spells.
The bullfrog is struck by an arc of lightning.
You kill the bullfrog!
You are struck by an arc of lightning.
You die...

.########.).#.# ##.
........###...#####
........#.h........
..........###...###
.......e### ......
........# ..####
........# .....
......)†######..#
#####..@#.......#
##............###
#....)..........####
#......)...........#
#............#.....#
.................#...#
.....♣♣♣♣.....(......#
....♣ ♣............#
###. ♣.#.#........#


You could see Dowan (fast).

Vanquished Creatures
  Sigmund (D:4)
  Duvessa (D:6)
  A black bear (D:5)
  A kobold brigand (Sewer)
  A bullfrog (D:6)
  2 necrophages
  A howler monkey (D:6)
  A jelly (D:4)
  2 orc priests
  An iguana (D:5)
  4 orc wizards
  7 adders
  A river rat (Sewer)
  3 worms
  4 dart slugs
  12 orcs
  7 bats
  7 endoplasms
  3 giant cockroaches
  5 goblins
  3 hobgoblins
  5 jackals (D:1)
  5 quokkas
  9 ball pythons
  A frilled lizard (D:2)
  7 kobolds
  11 rats
106 creatures vanquished.

Notes
Turn   | Place    | Note
-------+----------+-------------------------------------------
     0 | D:1      | mortz the Djinni Air Elementalist began the quest for the
                  | Orb.
     0 | D:1      | mortz set off with the following spells memorised: Shock,
                  | Static Discharge, Swiftness, Airstrike.
     0 | D:1      | Reached XP level 1. HP: 15/15 MP: 0/0
   150 | D:1      | Reached XP level 2. HP: 21/21 MP: 0/0
   152 | D:1      | Found a faded altar of an unknown god.
   873 | D:1      | Reached XP level 3. HP: 19/25 MP: 0/0
   873 | D:1      | Learned a level 1 spell: Beastly Appendage
  1432 | D:2      | HP: 1/26 [/static electricity (2)]
  1433 | D:2      | Reached skill level 3 in Spellcasting
  1433 | D:2      | Reached XP level 4. HP: 2/31 MP: 0/0
  3257 | D:3      | Found a runed translucent gate.
  3257 | D:3      | Found a runed translucent gate.
  3257 | D:3      | Found a runed translucent gate.
  3344 | D:3      | Found Dulirue's Vocational Training.
  3360 | D:3      | Noticed CertainDeath's ghost (weakling GrEE)
  3370 | D:3      | Reached XP level 5. HP: 23/36 MP: 0/0
  3370 | D:3      | Learned a level 2 spell: Wereblood
  4375 | D:4      | Reached skill level 4 in Spellcasting
  4375 | D:4      | Reached XP level 6. HP: 19/41 MP: 0/0
  4708 | D:4      | Found a glowing drain.
  4712 | Sewer    | Entered a sewer
  4882 | Sewer    | Found a glowing silver altar of Zin.
  5070 | D:4      | Reached skill level 1 in Short Blades
  5079 | D:4      | Identified the +0 pair of boots "Gerudoirph" {rF++ Slay+3}
  5121 | D:4      | Found a glowing silver altar of Zin.
  5360 | D:4      | Reached skill level 1 in Armour
  5360 | D:4      | Reached XP level 7. HP: 30/46 MP: 0/0
  5360 | D:4      | Learned a level 3 spell: Frozen Ramparts
  5609 | D:4      | Noticed Sigmund
  5618 | D:4      | Killed Sigmund
  5966 | D:5      | Entered Level 5 of the Dungeon
  6172 | D:5      | Reached skill level 1 in Fighting
  6172 | D:5      | Reached skill level 1 in Shields
  6172 | D:5      | Reached skill level 5 in Spellcasting
  6172 | D:5      | Reached XP level 8. HP: 34/52 MP: 0/0
  6990 | D:6      | Noticed Duvessa
  6990 | D:6      | Noticed Dowan
  7191 | D:6      | Killed Duvessa
  7202 | D:6      | Killed from afar by themself

Illustrated notes

Levels and vault maps discovered:
D:1:      psy_arrival_fountain, layout_loops_cross,
          hellmonk_ecumenical_altar_lost_god, minmay_misc_feat_nine_boxes,
          minivault_4, st_stairs_12, minmay_bisected
D:2:      layout_basic
D:3:      layout_rooms, gammafunk_ghost_icy, nicolae_shop_vocational
D:4:      layout_rooms, old_standard_altar, gup_sewer_entry_bowl,
          serial_corexii_hall, chequers_hall_statues_y, corexii_hall_statues_u,
          uniq_sigmund
D:5:      layout_basic
D:6:      layout_rooms, bloody_trog, kennysheep_little_box, nrook_campfire,
          uniq_duvessa, uniq_pikel, uniq_eustachio

Skill      XL: |  1  2  3  4  5  6  7  8 |
---------------+-------------------------+-----
Stealth        | 2 3 |  3.9
Spellcasting   | 3 4 5 |  5.3
Short Blades   | 1 2 |  2.2
Armour         | 1 2 3 |  3.1
Fighting       | 1 |  1.2
Shields        | 1 |  1.3
Dodging        | 3 |  3.0

Action                   |  1- 3 |  4- 6 |  7- 9 || total
-------------------------+-------+-------+-------++-------
Melee: Dagger            |     6 |    38 |    32 ||    76
 Cast: Shock             |    47 |    88 |    39 ||   174
       Static Discharge  |     2 |    24 |    17 ||    43
  Use: Scroll            |     3 |     8 |     9 ||    20
 Stab: Sleeping          |     4 |     4 |       ||     8
Armor: Robe              |     3 |     3 |       ||     6
       Crystal plate arm |       |    12 |    14 ||    26
       Leather armour    |       |     2 |     5 ||     7
Dodge: Dodged            |    10 |    10 |     8 ||    28
Block: Buckler           |       |     9 |     9 ||    18
